 Dungeon Sprint DCSS version 0.30.1-9-gdf580d7c3d (webtiles) character file.

Game seed: 493108964965615808

20425 Heoruswealwe the Phalangite (level 12, -5/130 HPs)
             Began as a Minotaur Fighter on Oct 14, 2023.
             Was an Initiate of Gozag.
             Hit by a large rock thrown by a cyclops (16 damage)
             ... in the Dungeon (Sprint IX: "|||||||||||||||||||||||||||||").
             The game lasted 00:22:10 (2315 turns).

Heoruswealwe the Phalangite (Minotaur Fighter)      Turns: 2315, Time: 00:22:11

Health: -5/130     AC: 26    Str: 30    XL:     12   Next: 45%
Magic:  11/11      EV: 13    Int:  5    God:    Gozag
Gold:   806        SH:  0    Dex:  9    Spells: 11/11 levels left

rFire   + . .        b - +2 halberd (venom)
rCold   . . .        (shield currently unavailable)
rNeg    . . .        c - +0 plate armour of Nagy {rF+ Will+ Stlth+}
rPois   .            g - +2 hood of the Assassin {Detect Stab+ Stlth++}
rElec   .            h - +0 cloak
rCorr   .            f - +0 pair of gloves
SInv    .            e - +2 pair of slick slippers {slick, slippery, EV+4}
Will    +....        (no amulet) Stlth
                     k - +3 ring of strength
HPRegen 0.41/turn    (no ring)
MPRegen 0.12/turn

%: no teleportation
@: gold aura
A: horns 2, retaliatory headbutt
a: Renounce Religion, Potion Petition, Call Merchant, Bribe Branch


You were in the Dungeon.
You worshipped Gozag.
Gozag was pleased with you.
You visited 1 branch You collected 8765 gold pieces.
You spent 4934 gold pieces at shops.
You paid 3025 gold pieces to Gozag.

Inventory:

Hand Weapons
 a - a +0 trident
 b - a +2 halberd of venom (weapon)
 s - a +0 glaive
Armour
 c - the +0 plate armour of Nagy (worn) {rF+ Will+ Stlth+}
   (You bought it in a shop in the Dungeon)

   rF:        It protects you from fire.
   Will:      It increases your willpower.
   Stlth:     It makes you more stealthy.
 d - a +0 buckler
 e - the +2 pair of slick slippers (worn) {slick, slippery, EV+4}
   (You bought it in a shop in the Dungeon)

   Slick:     Its wearer cannot be constricted, engulfed, netted or webbed.
   Slippery:  Its wearer slips away from damaging melee attacks, pulling the
   attacker onward.
   EV:        It affects your evasion (+4).
 f - a +0 pair of gloves (worn)
 g - the +2 hood of the Assassin (worn) {Detect Stab+ Stlth++}
   (You found it in the Dungeon)

   Detect:    It allows the wearer to sense nearby creatures.
   Stab+:     It allows the wearer to make particularly effective stabbing
   attacks against helpless or unaware enemies with any weapon.
   Stlth:     It makes you much more stealthy.
 h - a +0 cloak (worn)
Jewellery
 k - a +3 ring of strength (left hand)
 v - a ring of protection from fire
 x - a ring of protection from cold
Wands
 l - a wand of iceblast (12)
 o - a wand of flame (15)
 C - a wand of quicksilver (3)
Scrolls
 j - 3 scrolls of blinking
 n - a scroll of brand weapon
 p - 6 scrolls of enchant weapon
 u - a scroll of enchant armour
Potions
 i - 2 potions of berserk rage
 m - 5 potions of might
 q - 4 potions of curing
 r - 4 potions of heal wounds
 y - a potion of haste
Miscellaneous
 t - a box of beasts
 w - a phantom mirror
 B - a condenser vane


   Skills:
 + Level 19.6 Fighting
 * Level 26.2 Polearms
 + Level 19.6 Armour
 - Level 3.6 Shields


You had 11 spell levels left.
You didn't know any spells.
Your spell library was empty.

Dungeon Overview and Level Annotations

Branches:
Dungeon (1/1)

Altars:
Cheibriados
Dithmenos
Elyvilon
Fedhas
Gozag
Hepliaklqana
Kikubaaqudgha
Makhleb
Nemelex Xobeh
Okawaru
Qazlal
Ru
Sif Muna
Trog
Uskayaw
Vehumet
Wu Jian
Xom
Yredelemnul
Zin
The Shining One
Jiyva
Lugonu

Shops:
D [[((**((


Innate Abilities, Weirdness & Mutations

You have a pair of horns on your head.
You reflexively headbutt those who attack you in melee.


Message History

You kill the centaur warrior!
The orc knight is no longer distracted by gold.
The orc knight is distracted by your dazzling golden aura.
Items here: $ )) [.
A tengu conjurer comes into view.
The tengu conjurer shouts!
The orc knight is no longer distracted by gold.
The orc knight hits you with a +0 great sword!!
* * * LOW HITPOINT WARNING * * *
You slip backwards!
The tengu conjurer moves out of view.
Items here: $ )) [.
You closely miss the orc knight. Your headbutt misses the orc knight.
The meliai is no longer distracted by gold.
The orc knight hits you with a +0 great sword.
* * * LOW HITPOINT WARNING * * *
You slip backwards!
You hit the orc knight but do no damage.
The orc knight is poisoned.
The meliai calls down the wrath of its god upon you.
Something smites you!
* * * LOW HITPOINT WARNING * * *
The orc knight barely misses you.
You slice the orc knight!! You headbutt the orc knight!
The orc knight is heavily wounded.
You barely miss the orc knight.
The orc knight is heavily wounded.
The orc knight closely misses you. You furiously retaliate!
You headbutt the orc knight! You closely miss the orc knight.
You headbutt the orc knight, but do no damage.
The orc knight is severely wounded.
The spriggan air mage waves its arms in wide circles.
The air twists around and strikes you!
* * * LOW HITPOINT WARNING * * *
The orc knight hits you but does no damage.
You impale the orc knight!!
You kill the orc knight!
The cyclops throws a large rock.
The large rock hits you!
You die...
Your body crumbles into a pile of gold.

.....'.........'........)|.)'..[.
▓▓▓▓▓▓▓▓▓▓▓▓▓▓▓▓▓▓▓▓▓▓▓▓▓▓▓▓▓▓▓▓▓
.................................
▓▓▓▓▓▓▓▓▓▓▓▓▓▓▓▓▓▓▓▓▓▓▓▓▓▓▓▓▓▓▓▓▓
.'[))).))[....[?....∩.∩.∩.∩.∩.∩.'
▓▓▓▓▓▓▓▓▓▓▓▓▓▓▓▓▓▓▓▓▓▓▓▓▓▓▓▓▓▓▓▓▓
......)....).....................
▓▓▓▓▓▓▓▓▓▓▓▓▓▓▓▓▓▓▓▓▓▓▓▓▓▓▓▓▓▓▓▓▓
[.[[[[........?$@$CDyciQ.Q
▓▓▓▓▓▓▓▓▓▓▓▓▓▓▓▓▓▓▓▓▓▓▓▓▓▓


{{{{{{{{{ {{{{{{{{{ {{ You could see a five-headed hydra, a centaur warrior, a
spriggan air mage (repels missiles), a cyclops, a tengu conjurer and a meliai.

Vanquished Creatures
  Josephine (D)
  3 ogre magi (D)
  A centaur warrior (D)
  9 two-headed ogres (D)
  An orc high priest (D)
  A tengu warrior (D)
  A wizard (D)
  5 orc knights (D)
  An orc sorcerer (D)
  An elephant (D)
  3 cane toads (D)
  A slime creature (D)
  Joseph (D)
  2 black mambas (D)
  Psyche (D)
  3 komodo dragons (D)
  A kobold demonologist (D)
  3 polar bears (D)
  2 blink frogs (D)
  4 wraiths (D)
  A wyvern (D)
  A yak (D)
  A basilisk (D)
  A vampire mosquito (D)
  An acid dragon (D)
  2 water moccasins (D)
  10 orc warriors (D)
  6 black bears (D)
  4 ogres (D)
  A wolf (D)
  A centaur (D)
  A bullfrog (D)
  A scorpion (D)
  A howler monkey (D)
  3 orc priests (D)
  4 orc wizards (D)
  An ufetubus (D)
  A dart slug (D)
  5 orcs (D)
  A hobgoblin (D)
  3 bats (D)
  A goblin (D)
96 creatures vanquished.

Notes
Turn   | Place    | Note
-------+----------+-------------------------------------------
     0 | D        | Heoruswealwe the Minotaur Fighter began the quest for the
                  | Orb.
     0 | D        | Reached XP level 1. HP: 19/19 MP: 0/0
    10 | D        | Reached skill level 3 in Polearms
    26 | D        | Noticed an orc wizard
    26 | D        | Noticed a scorpion
    26 | D        | Noticed an orc priest
    28 | D        | Killed an orc wizard
    29 | D        | Reached skill level 5 in Fighting
    29 | D        | Reached skill level 5 in Polearms
    29 | D        | Reached skill level 5 in Armour
    29 | D        | Reached XP level 2. HP: 29/29 MP: 1/1
    29 | D        | Reached XP level 3. HP: 36/36 MP: 2/2
    34 | D        | Reached skill level 6 in Polearms
    38 | D        | Killed a scorpion
    39 | D        | Reached skill level 7 in Polearms
    39 | D        | Reached XP level 4. HP: 33/45 MP: 3/3
    43 | D        | Reached skill level 8 in Polearms
    48 | D        | Found a snail-covered altar of Cheibriados.
    48 | D        | Found a shadowy altar of Dithmenos.
    48 | D        | Found a white marble altar of Elyvilon.
    48 | D        | Found a blossoming altar of Fedhas.
    48 | D        | Found an opulent altar of Gozag.
    49 | D        | Found a hazy altar of Hepliaklqana.
    50 | D        | Found a viscous altar of Jiyva.
    51 | D        | Found an ancient bone altar of Kikubaaqudgha.
    52 | D        | Found a corrupted altar of Lugonu.
    53 | D        | Found a burning altar of Makhleb.
    54 | D        | Found a sparkling altar of Nemelex Xobeh.
    55 | D        | Found an iron altar of Okawaru.
    56 | D        | Became a worshipper of Gozag Ym Sagoz the Greedy
    57 | D        | Found a stormy altar of Qazlal.
    58 | D        | Found a sacrificial altar of Ru.
    59 | D        | Found a shimmering blue altar of Sif Muna.
    60 | D        | Found a bloodstained altar of Trog.
    61 | D        | Found a hide-covered altar of Uskayaw.
    62 | D        | Found a radiant altar of Vehumet.
    63 | D        | Found an ornate altar of the Wu Jian Council.
    64 | D        | Found a shimmering altar of Xom.
    65 | D        | Found a basalt altar of Yredelemnul.
    66 | D        | Found a glowing silver altar of Zin.
    67 | D        | Found a glowing golden altar of the Shining One.
   129 | D        | Noticed a two-headed ogre
   129 | D        | Noticed a kobold demonologist
   129 | D        | Noticed an acid dragon
   129 | D        | Noticed a wyvern
   129 | D        | Noticed a centaur
   135 | D        | Killed a two-headed ogre
   136 | D        | Reached skill level 10 in Fighting
   136 | D        | Reached skill level 13 in Polearms
   136 | D        | Reached skill level 10 in Armour
   136 | D        | Reached XP level 5. HP: 29/59 MP: 4/4
   136 | D        | Reached XP level 6. HP: 34/67 MP: 5/5
   136 | D        | Reached XP level 7. HP: 37/73 MP: 6/6
   136 | D        | Noticed a rust devil
   151 | D        | Killed a kobold demonologist
   152 | D        | Reached skill level 14 in Polearms
   152 | D        | Reached XP level 8. HP: 17/82 MP: 7/7
   155 | D        | Reached skill level 15 in Polearms
   357 | D        | Noticed a slime creature
   357 | D        | Noticed a slime creature
   357 | D        | Noticed a two-headed ogre
   357 | D        | Noticed a two-headed ogre
   357 | D        | Noticed a tengu warrior
   363 | D        | Killed a large slime creature
   364 | D        | Reached skill level 16 in Polearms
   366 | D        | Killed a two-headed ogre
   367 | D        | Reached skill level 17 in Polearms
   367 | D        | Reached XP level 9. HP: 33/92 MP: 8/8
   373 | D        | Killed a two-headed ogre
   374 | D        | Reached skill level 18 in Polearms
   384 | D        | Killed a tengu warrior
   679 | D        | Noticed Joseph
   687 | D        | Killed Joseph
   688 | D        | Reached skill level 19 in Polearms
   815 | D        | Noticed a cane toad
   815 | D        | Noticed a komodo dragon
   820 | D        | Killed a cane toad
   821 | D        | Reached XP level 10. HP: 89/104 MP: 9/9
   842 | D        | Reached skill level 20 in Polearms
   850 | D        | Reached skill level 15 in Fighting
   850 | D        | Reached skill level 15 in Armour
   934 | D        | Noticed a black mamba
   934 | D        | Noticed an elephant
   934 | D        | Noticed a cane toad
   938 | D        | Noticed a black mamba
   939 | D        | Killed a black mamba
   943 | D        | Killed an elephant
   953 | D        | Noticed a cane toad
   954 | D        | Reached skill level 21 in Polearms
   963 | D        | Killed a cane toad
   968 | D        | Killed a black mamba
   978 | D        | Killed a cane toad
  1236 | D        | Reached XP level 11. HP: 114/114 MP: 10/10
  1241 | D        | Reached skill level 22 in Polearms
  1406 | D        | Noticed an orc high priest
  1409 | D        | Noticed an orc knight
  1431 | D        | Killed an orc high priest
  1436 | D        | Killed an orc knight
  1610 | D        | Noticed an orc knight
  1610 | D        | Noticed an orc knight
  1612 | D        | Reached skill level 23 in Polearms
  1616 | D        | Killed an orc knight
  1626 | D        | Killed an orc knight
  1635 | D        | Noticed an orc sorcerer
  1649 | D        | Killed an orc sorcerer
  1815 | D        | Found Tatorr's Antique Armour Emporium.
  1815 | D        | Noticed an ogre mage
  1815 | D        | Noticed a two-headed ogre
  1815 | D        | Noticed a two-headed ogre
  1815 | D        | Noticed a two-headed ogre
  1822 | D        | Killed an ogre mage
  1826 | D        | Killed a two-headed ogre
  1827 | D        | Reached skill level 24 in Polearms
  1829 | D        | Killed a two-headed ogre
  1832 | D        | Killed a two-headed ogre
  1840 | D        | Found Gank's Antique Armour Shoppe.
  1842 | D        | Noticed a two-headed ogre
  1843 | D        | Found Qafefaod's Weapon Emporium.
  1843 | D        | Noticed an ogre mage
  1852 | D        | Noticed a two-headed ogre
  1855 | D        | Killed a two-headed ogre
  1861 | D        | Killed an ogre mage
  1862 | D        | Reached XP level 12. HP: 88/128 MP: 11/11
  1867 | D        | Killed a two-headed ogre
  1868 | D        | Reached skill level 25 in Polearms
  1870 | D        | Noticed a two-headed ogre
  1886 | D        | Killed a two-headed ogre
  1893 | D        | Found Opeck's Weapon Shoppe.
  1899 | D        | Noticed an ogre mage
  1913 | D        | Paralysed by an ogre mage for 2 turns
  1923 | D        | Killed an ogre mage
  1995 | D        | Bought a dazzling plate armour for 756 gold pieces
  1995 | D        | Identified the +0 plate armour of Nagy {rF+ Will+ Stlth+}
                  | (You bought it in a shop in the Dungeon)
  1997 | D        | Bought an ancient plate armour for 672 gold pieces
  1997 | D        | Identified the +1 plate armour of Inaction {Fly rPois rC-
                  | SInv} (You bought it in a shop in the Dungeon)
  2028 | D        | Bought a box of beasts for 840 gold pieces
  2028 | D        | Bought a scroll labelled SILORUVV MEEN for 21 gold pieces
  2028 | D        | Bought a scroll labelled XIUDDU KEIDANA for 21 gold pieces
  2028 | D        | Bought a phantom mirror for 840 gold pieces
  2028 | D        | Bought a potion of curing for 63 gold pieces
  2031 | D        | Bought a scroll of vulnerability for 64 gold pieces
  2031 | D        | Bought a potion of brilliance for 64 gold pieces
  2031 | D        | Bought the +2 pair of slick slippers {slick, slippery,
                  | EV+4} for 612 gold pieces
  2031 | D        | Found the +2 pair of slick slippers {slick, slippery, EV+4}
  2031 | D        | Bought a scroll of poison for 64 gold pieces
  2031 | D        | Bought a wand of iceblast (2) for 76 gold pieces
  2031 | D        | Bought a condenser vane for 640 gold pieces
  2031 | D        | Bought a wand of quicksilver (3) for 201 gold pieces
  2131 | D        | Noticed Psyche
  2138 | D        | Killed Psyche
  2156 | D        | Noticed Josephine
  2164 | D        | Killed Josephine
  2258 | D        | Found the +2 hood of the Assassin {Detect Stab+ Stlth++}
  2292 | D        | Noticed a centaur warrior
  2293 | D        | Noticed a five-headed hydra
  2302 | D        | Reached skill level 26 in Polearms
  2304 | D        | Noticed a centaur warrior
  2306 | D        | Noticed a spriggan air mage
  2307 | D        | Killed a centaur warrior
  2315 | D        | Hit by a large rock thrown by a cyclops

Illustrated notes

Levels and vault maps discovered:
D:        linesprint [early_d, line_temple, items_1, d_10, items_2, lair_1,
          lair_end, items_3, orc_1, orc_end, items_4, d_15, swamp_1, shoals_1,
          snake_1, spider_1, d_20, vaults_1, items_5, swamp_end, shoals_end,
          snake_end, spider_end, vaults_end, d_27, items_6, zot_1, zot_end,
          crypt_end, forest_end, elf_end, slime_end, tomb_end, abyss_end,
          pan_hell_end]

Skill      XL: |  1  2  3  4  5  6  7  8  9 10 11 12 |
---------------+-------------------------------------+-----
Polearms       | 5 7 13 14 17 19 21 24 26 | 26.2
Fighting       | 5 6 10 11 12 14 16 18 19 | 19.6
Armour         | 5 6 10 11 12 14 16 18 19 | 19.6
Shields        | |  3.6

Action                     |  1- 3 |  4- 6 |  7- 9 | 10-12 || total
---------------------------+-------+-------+-------+-------++-------
  Melee: Trident           |    24 |     4 |       |       ||    28
         Headbutt          |     2 |     1 |    14 |    42 ||    59
         Halberd           |       |     4 |    54 |   256 ||   314
 Invoke: Call Merchant     |       |       |       |     4 ||     4
    Use: Potion            |       |     2 |     4 |     1 ||     7
         Scroll            |       |       |     1 |     2 ||     3
   Stab: Distracted        |       |       |     1 |     1 ||     2
 Armour: Scale mail        |    13 |       |       |       ||    13
         Plate armour      |       |       |    20 |    72 ||    92
  Dodge: Dodged            |    13 |     3 |    14 |    55 ||    85
  Block: Buckler           |     8 |       |       |       ||     8
